 Dungeon Crawl Stone Soup version 0.31.0-11-ge490571c62 (webtiles) character file.

Game seed: 1025204815871317509

113 qw the Shooter (level 4, -1/23 HPs)
             Began as a Spriggan Hunter on Feb 4, 2024.
             Killed by nerve-wracking pain
             ... invoked by Grinder
              (6 damage)
             ... on level 3 of the Dungeon.
             The game lasted 00:00:05 (1822 turns).

qw the Shooter (Spriggan Hunter)                    Turns: 1822, Time: 00:00:06

Health: -1/23      AC:  4    Str:  7    XL:     4   Next: 65%
Magic:  5/5        EV: 20    Int: 10    God:
Gold:   54         SH:  0    Dex: 20    Spells: 3/3 levels left

rFire   . . .        a - +0 shortbow (heavy)
rCold   . . .        (shield currently unavailable)
rNeg    + . .        k - +2 robe {rN+}
rPois   .            (helmet restricted)
rElec   .            (no cloak)
rCorr   .            (gloves unavailable)
SInv    +            (boots unavailable)
Will    .....        (no amulet)
Stlth   ++           (no ring)
HPRegen 0.23/turn    (no ring)
MPRegen 0.09/turn

%: no passive effects
@: very quick
A: very small, no large weapons, unfitting armour, see invisible, speed 3
a: no special abilities


You were on level 3 of the Dungeon.
You visited 1 branch of the dungeon, and saw 3 of its levels.

You collected 54 gold pieces.


Innate Abilities, Weirdness & Mutations

You are very small and have problems with some larger weapons.
You are too small for most types of armour.
You have supernaturally acute eyesight. (SInv)
You cover ground extremely quickly. (Speed+++)


   Skills:
 + Level 1.7 Fighting
 - Level 5.1 Ranged Weapons
 - Level 5.0 Dodging
 - Level 1.5 Stealth


You had 3 spell levels left.
You didn't know any spells.
Your spell library was empty.

Inventory:

Hand Weapons
 a - a +0 heavy shortbow (weapon)
Armour
 k - a +2 robe of positive energy (worn)
Scrolls
 b - a scroll of noise {unknown}
 c - a scroll of identify
Potions
 e - 2 potions of curing
 f - 2 potions of haste {unknown}
 g - a potion of magic {unknown}

Dungeon Overview and Level Annotations

Branches:
Dungeon (3/15)

Altars:
Ashenzari
Fedhas
Uskayaw

Annotations:
D:2 1 runed translucent door, Crazy Yiuf
D:3 Grinder


Message History

You kill the goblin!
You start resting.
HP restored.
Things that are here:
a +0 club; a goblin corpse
Found a leather armour.
Found a stone staircase leading up.
Enter note:
Enter note:
Enter note: You now have 54 gold pieces (gained 3).
c - a scroll of identify
f - 2 murky ruby potions (gained 1) Grinder comes into view.
Grinder shouts!
You shoot an arrow. The arrow closely misses Grinder.
An orc comes into view. It is wielding a +0 short sword.
You shoot an arrow. The orc shouts!
The arrow hits Grinder!
Grinder is moderately wounded.
You hear a shout!
You shoot an arrow. The arrow hits Grinder.
Grinder is moderately wounded.
Grinder gestures at you.
You suddenly lose the ability to move!
An orc comes into view. It is wielding a +0 club.
Grinder hits you!
You writhe in agony.
Grinder hits you!
You writhe in agony.
You can move again.
You shoot an arrow. The arrow barely misses Grinder.
Grinder blinks!
The orc misses you.
An orc comes into view. It is wielding a +0 dagger.
You shoot an arrow. The orc shouts!
The arrow hits the orc!
You kill the orc!
Grinder gestures at you. Pain shoots through your body!
You die...
Grinder says, "Now the real fun starts!"

!##
##.............
.# #.............
^#
##..........)..
##
###..........<...
#
.................
#
.................
#
....<.....[......
#
......)..........
.....o¤@5..#.....
.o...###########
....# ####


You could see Grinder and 2 orcs.

Vanquished Creatures
  Jessica (D:2)
  4 adders
  2 ribbon worms (D:2)
  A dart slug (D:3)
  An orc (D:3)
  4 bats
  4 endoplasms
  3 giant cockroaches (D:3)
  6 goblins
  6 hobgoblins
  2 ball pythons
  A frilled lizard (D:2)
  4 kobolds
  7 rats
46 creatures vanquished.

Notes
Turn   | Place    | Note
-------+----------+-------------------------------------------
     0 | D:1      | qw the Spriggan Hunter began the quest for the Orb.
     0 | D:1      | Reached XP level 1. HP: 10/10 MP: 2/2
     0 | D:1      | 0 ||| qw: Version: 0.3-a-160-g6735b56
     0 | D:1      | 0 ||| qw: Game counter: 4532
     0 | D:1      | 0 ||| qw: Melee chars always use a shield: true
     0 | D:1      | 0 ||| qw: God list: Okawaru
     0 | D:1      | 0 ||| qw: Allow faded altars: false
     0 | D:1      | 0 ||| qw: Do Orc after clearing Dungeon:15 true
     0 | D:1      | 0 ||| qw: Do second Lair branch before Depths: true
     0 | D:1      | 0 ||| qw: Lair rune preference: random
     0 | D:1      | 0 ||| qw: Goals: Normal
     0 | D:1      | 0 ||| PLANNING D:1-11
    74 | D:1      | Reached skill level 3 in Dodging
   638 | D:1      | 638 ||| READING scroll labelled ECEAHU NEXKOR.
   639 | D:1      | 639 ||| DROPPING scroll of butterflies.
   648 | D:2      | Reached XP level 2. HP: 14/14 MP: 3/3
   749 | D:2      | Found a hide-covered altar of Uskayaw.
   781 | D:2      | Found a runed translucent door.
   782 | D:2      | Noticed Crazy Yiuf
   960 | D:2      | Reached XP level 3. HP: 18/18 MP: 4/4
   973 | D:2      | Noticed Jessica
   975 | D:2      | Killed Jessica
  1285 | D:2      | 1285 ||| UPGRADING to +2 robe of positive energy.
  1295 | D:2      | 1295 ||| DROPPING +0 robe.
  1296 | D:2      | 1296 ||| READING scroll labelled USOIJUMIEK.
  1296 | D:2      | 1296 ||| IDENTIFYING amethyst potion
  1297 | D:2      | 1297 ||| READING scroll labelled DYUSTR YMEZOI.
  1398 | D:2      | 1398 ||| READING scroll labelled OZORCHI TAJIU.
  1435 | D:2      | 1435 ||| READING scroll labelled TEFOSOBLOREE.
  1435 | D:2      | 1435 ||| BRANDING +0 shortbow.
  1436 | D:2      | 1436 ||| READING scroll labelled UNYISA KAEVEY.
  1437 | D:2      | 1437 ||| DRINKING 3 clear potions.
  1438 | D:2      | 1438 ||| DROPPING potion of brilliance.
  1541 | D:3      | Reached XP level 4. HP: 22/22 MP: 5/5
  1642 | D:3      | Found a broken altar of Ashenzari.
  1642 | D:3      | Found a blossoming altar of Fedhas.
  1814 | D:3      | Noticed Grinder
  1817 | D:3      | Paralysed by Grinder for 4 turns
  1820 | D:3      | HP: 5/23 [Grinder (8)]
  1822 | D:3      | Killed from afar by Grinder

Levels and vault maps discovered:
D:1:      matt_arrival_spirals, layout_loops_ring
D:2:      layout_loops_ring, basic_altar, uniq_crazy_yiuf_cottage, uniq_jessica
D:3:      layout_rooms, yredelemnul_forgotten_temple_becter,
          nicolae_overflow_two_pavilions, minivault_19, uniq_grinder

Skill      XL: |  1  2  3  4 |
---------------+-------------+-----
Dodging        | 3 4 5 |  5.0
Ranged Weapons | 5 |  5.1
Fighting       | |  1.7
Stealth        | |  1.5

Action                     |  1- 3 |  4- 6 || total
---------------------------+-------+-------++-------
   Fire: Shortbow          |    65 |    46 ||   111
    Use: Scroll            |     6 |       ||     6
         Potion            |     1 |       ||     1
 Armour: Robe              |     5 |     7 ||    12
  Dodge: Dodged            |    13 |    14 ||    27

Table legend:
 A = Non-vault XP
 B = Vault XP
 C = Vault XP percentage of total XP
 D = Non-vault monster count
 E = Vault monster count
 F = Vault count percentage of total count
                 A         B        C        D         E       F
            +---------+---------+-------+---------+---------+-------
      Total |     128 |      37 |  22.4 |      45 |       1 |   2.2
            +---------+---------+-------+---------+---------+-------
        D:1 |      11 |       0 |   0.0 |       8 |       0 |   0.0
        D:2 |      46 |      37 |  44.6 |      17 |       1 |   5.6
        D:3 |      71 |       0 |   0.0 |      20 |       0 |   0.0
            +---------+---------+-------+---------+---------+-------
